 Dungeon Crawl Stone Soup version 0.29.1-15-g9cfb28693d (webtiles) character file.

Game seed: 16673329357264861765

14 protoss039 the Digger (level 2, 17/20 HPs)
             Began as a Demonspawn Earth Elementalist on Mar 15, 2023.
             Got out of the dungeon alive.
             The game lasted 00:01:21 (575 turns).

protoss039 the Digger (DsEE)                         Turns: 575, Time: 00:01:21

Health: 17/20      AC:  3    Str:  8    XL:     2   Next: 27%
Magic:  14/14      EV: 12    Int: 16    God:
Gold:   14         SH:  0    Dex: 21    Spells: 4/5 levels left

rFire   . . .      SeeInvis .   e - +0 falchion
rCold   . . .      Faith    .   (no shield)
rNeg    . . .      Spirit   .   c - +0 leather armour
rPois   .          Reflect  .   (no helmet)
rElec   .          Harm     .   (no cloak)
rCorr   .          Rampage  .   (no gloves)
Will    .....                   (no boots)
Stlth   +++.......              (no amulet)
HPRegen 0.06/turn               f - ring of magical power
MPRegen 0.14/turn               d - +6 ring of dexterity

@: no status effects
A: thin skeletal structure 1
a: no special abilities


You escaped.
You visited 1 branch of the dungeon, and saw 1 of its levels.

You collected 14 gold pieces.

Inventory:

Hand Weapons
 e - a +0 falchion (weapon)
Armour
 c - a +0 leather armour (worn)
Jewellery
 d - a +6 ring of dexterity (right hand)
 f - a ring of magical power (left hand)
Scrolls
 g - a scroll of amnesia {unknown}
Potions
 a - a potion of heal wounds {unknown}
 b - a potion of magic


   Skills:
 * Level 0.5 Fighting
 * Level 0.3 Armour
 * Level 2.0 Dodging
 - Level 2.0 Stealth
 + Level 2.1 Spellcasting
 - Level 1.0 Transmutations
 + Level 2.8 Earth Magic


You had 4 spell levels left.
You knew the following spells:

 Your Spells              Type           Power      Damage    Failure   Level
a - Sandblast             Erth           20%        2d7       9%          1

Your spell library contained the following spells:

 Spells                   Type           Power      Damage    Failure   Level
 Passwall                 Tmut/Erth      5%         N/A       21%         2
 Stone Arrow              Conj/Erth      12%        3d7       43%         3
 Petrify                  Tmut/Erth      7%         N/A       78%         4


Dungeon Overview and Level Annotations

Branches:
Dungeon (1/15) Zot: 5418

Altars:


Innate Abilities, Weirdness & Mutations

You have a somewhat thin skeletal structure. (Dex +2, Stealth+)


Message History

You feel agile.
d - a +6 ring of dexterity (right hand) Unknown command.
Unknown command.
The endoplasm quivers.
The endoplasm freezes you.
You are frozen.
Unknown command.
Unknown command.
You hit the endoplasm.
The endoplasm is heavily wounded.
The endoplasm freezes you.
You are frozen.
Unknown command.
You hit the endoplasm.
You kill the endoplasm!
The giant cockroach misses you. The giant cockroach bites you.
Unknown command.
You completely miss the giant cockroach.
The giant cockroach bites you but does no damage.
The giant cockroach barely misses you.
Unknown command.
You hit the giant cockroach.
You kill the giant cockroach!
Unknown command.
No target in view!
No target in view!
Unknown command.
There is an open door here.
There is an open door here.
You see here a +0 whip.
There is an open door here.
There is a large open door here.
There is a staircase leading out of the dungeon here.
Are you sure you want to leave the Dungeon?
This will make you lose the game! [Y]es or [N]o only, please.
Are you sure you want to leave the Dungeon?
This will make you lose the game!
Alright, then stay!
Are you sure you want to leave the Dungeon?
This will make you lose the game!
You have escaped!

########≈.~≈≈≈~~#
...... #.≈~≈≈≈~~#
#.#### ##.~~≈≈~P#
##.≈≈~≈≈#
#≈.≈≈≈~≈#
#.~~≈≈≈≈#
#P.≈≈≈≈≈#
###..≈≈~≈#
#@.≈~≈≈≈P#
##########


There were no monsters in sight!

Vanquished Creatures
  A dart slug (D:1)
  An endoplasm (D:1)
  2 giant cockroaches (D:1)
  A hobgoblin (D:1)
  A kobold (D:1)
  2 quokkas (D:1)
  A ball python (D:1)
  A frilled lizard (D:1)
10 creatures vanquished.

Notes
Turn   | Place    | Note
-------+----------+-------------------------------------------
     0 | D:1      | protoss039 the Demonspawn Earth Elementalist began the
                  | quest for the Orb.
     0 | D:1      | Reached XP level 1. HP: 13/13 MP: 3/3
    81 | D:1      | Reached skill level 1 in Transmutations
   400 | D:1      | Gained mutation: You have a somewhat thin skeletal
                  | structure. (Dex +2, Stealth+) [demonic ancestry]
   400 | D:1      | Reached XP level 2. HP: 19/19 MP: 5/5
   575 | D:$      | Got out of the dungeon alive.

Illustrated notes

Levels and vault maps discovered:
D:1:      lightli_arrival_windingriver, layout_loops_corners, minmay_misc_feat_x

Skill      XL: |  1  2 |
---------------+-------+-----
Transmutations | 1 |  1.0
Stealth        | 2 |  2.0
Dodging        | 2 |  2.0
Fighting       | |  0.5
Armour         | |  0.3
Spellcasting   | |  2.1
Earth Magic    | |  2.8

Action                   || total
-------------------------++-------
Melee: Falchion          ||    14
       Unarmed           ||     2
 Cast: Sandblast         ||     7
 Stab: Sleeping          ||     1
Armor: Leather armour    ||     4
Dodge: Dodged            ||    19
